 Dungeon Crawl Stone Soup version 0.30-a0-743-gbfdf073431 (webtiles) character file.

Game seed: 257580350712773878

1198 kingofthe the Magician (level 8, -7/41 HPs)
             Began as a Deep Elf Conjurer on Feb 5, 2023.
             Was a Believer of Vehumet.
             Killed from afar by a steam dragon (19 damage)
             ... with a ball of steam
             ... on level 6 of the Dungeon.
             The game lasted 00:21:50 (5610 turns).

kingofthe the Magician (Deep Elf Conjurer)          Turns: 5610, Time: 00:21:50

Health: -7/41      AC:  3    Str:  4    XL:     8   Next: 20%
Magic:  17/19      EV: 14    Int: 31    God:    Vehumet [**....]
Gold:   170        SH:  0    Dex: 15    Spells: 11/20 levels left

rFire   . . .      SeeInvis .    b - +6 mace of Kalozeob {flame, rC+ Int+5}
rCold   + + .      Faith    .    (no shield)
rNeg    . . .      Spirit   .    t - +1 robe "Cuxtip" {Int+2}
rPois   .          Reflect  .    (no helmet)
rElec   .          Harm     .    (no cloak)
rCorr   .          Rampage  .    (no gloves)
Will    .....                    (no boots)
Stlth   +++                      y - amulet of magic regeneration
HPRegen 0.26/turn                j - ring of protection from cold
MPRegen 0.56/turn                (no ring)

@: no status effects
A: no striking features
a: Renounce Religion


You were on level 6 of the Dungeon.
You worshipped Vehumet.
Vehumet was pleased with you.
You visited 1 branch of the dungeon, and saw 6 of its levels.

You collected 284 gold pieces.
You spent 114 gold pieces at shops.

Inventory:

Hand Weapons
 a - a +2 hand axe of flaming
 b - the +6 mace of Kalozeob (weapon) {flame, rC+ Int+5}
   (You found it on level 2 of the Dungeon)

   Int:       It affects your intelligence (+5).
   rC:        It protects you from cold.
 r - a +2 antimagic whip
Armour
 t - the +1 robe "Cuxtip" (worn) {Int+2}
   (You bought it in a shop on level 4 of the Dungeon)

   Int:       It affects your intelligence (+2).
Jewellery
 j - a ring of protection from cold (left hand)
 y - an amulet of magic regeneration (around neck)
Wands
 m - a wand of flame (46)
Scrolls
 c - a scroll of magic mapping {unknown}
 d - 3 scrolls of teleportation {unknown}
 e - 7 scrolls of identify
 g - a scroll of fear {unknown}
 n - 2 scrolls of enchant armour {unknown}
 w - a scroll of poison {unknown}
 x - a scroll of enchant weapon {unknown}
Potions
 f - 7 potions of heal wounds
 h - 2 potions of curing {unknown}
 i - a potion of berserk rage {unknown}
 k - a potion of magic
 l - 2 potions of might
 o - 3 potions of brilliance
 p - 3 potions of flight {unknown}
 q - a potion of lignification {unknown}
 s - 2 potions of haste {unknown}
 u - 3 potions of attraction {unknown}
 v - a potion of resistance {unknown}
 z - a potion of experience {unknown}
 A - a potion of ambrosia {unknown}


   Skills:
 + Level 5.8 Dodging
 - Level 6.0 Stealth
 + Level 6.6 Spellcasting
 + Level 6.6 Conjurations
 + Level 2.2 Summonings
 + Level 2.2 Air Magic
 - Level 2.2 Poison Magic


You had 11 spell levels left.
You knew the following spells:

 Your Spells              Type           Power      Damage    Failure   Level
a - Magic Dart            Conj           100%       1d8       1%          1
b - Searing Ray           Conj           100%       2d8       1%          2
c - Shock                 Conj/Air       100%       1d9       1%          1
d - Mephitic Cloud        Conj/Pois/Air  33%        N/A       3%          3
e - Call Imp              Summ           23%        N/A       2%          2

Your spell library contained the following spells:

 Spells                   Type           Power      Damage    Failure   Level
 Static Discharge         Conj/Air       74%        2-6/arc   1%          2
 Dazzling Flash           Conj/Hex       60%        N/A       3%          3
 Kindle Blastsparks       Fire/Tloc/Air  28%        2d12      11%         3
 Fulminant Prism          Conj/Hex       15%        3d10      12%         4
 Iskenderun's Mystic Bla  Conj/Tloc      30%        2d8       12%         4
 Lee's Rapid Deconstruct  Erth           5%         3d6*      78%         5


Dungeon Overview and Level Annotations

Branches:
Dungeon (6/15)
 Temple: D:4-7

Altars:
Dithmenos
Hepliaklqana
Kikubaaqudgha
Okawaru
Qazlal
Ru
Trog
Uskayaw
Vehumet
Wu Jian
Xom

Shops:
D:1 :   D:4 [   D:5 :


Message History

Okay, then.
Okay, then.
What are your orders? t - Shout!
Orders for allies: a - Attack new target. r - Retreat! s - Stop attacking. g - Guard the area. f - Follow me.
Anything else - Cancel.
Okay, then.
As you read the scroll labelled KUAVOW MECWOO, it crumbles to dust.
It is a scroll of identify.
o - 3 potions of brilliance
Casting: Shock (safe; 1% risk of failure)
Confirm with . or Enter, or press ? or * to list all spells.
Aiming: Searing Ray (safe; 1% risk of failure)
Press: ? - help, Shift-Dir - straight line, f/p - steam dragon
Aim: a steam dragon (lightly wounded, 83% to hit)
The searing ray hits the steam dragon.
The steam dragon is moderately wounded. (Press . to maintain the ray.) Unknown command.
The searing ray hits the steam dragon!
The steam dragon is heavily wounded.
The steam dragon bites you. The steam dragon closely misses you.
The searing ray hits the steam dragon but does no damage.
The steam dragon is heavily wounded.
The steam dragon bites you! The steam dragon barely misses you.
The searing ray hits the steam dragon!
The steam dragon is almost dead.
You finish channelling your searing ray.
The steam dragon breathes steam at you. The ball of steam hits you!
You are engulfed in a cloud of scalding steam.
* * * LOW HITPOINT WARNING * * *
The steam dragon attacks as you move away!
The steam dragon bites you but does no damage.
The steam dragon misses you. The steam dragon breathes steam at you.
The ball of steam hits you!!
You die...

####.#.# .......#
.......# ####.#.# ##
#.#.##############.
.#
#........##§§......
.###........##D####
..............§§..###
.###........§§..@...#
.# #.#######........#
.# #.# #........# ..
.<# #..........
.##### #........#.#
.# ######.### # .# .#
.#


You could see a steam dragon (catching breath).

Vanquished Creatures
  Eustachio (D:5)
  An ice beast (D:5)
  An ogre (D:6)
  A necrophage (D:4)
  3 scorpions
  A howler monkey (D:5)
  An orc priest (D:4)
  3 hounds
  4 iguanas
  Natasha (thrice) (D:2)
  4 orc wizards
  3 gnolls
  6 adders
  A shadow imp (D:6)
  A white imp (D:6)
  3 ufetubi
  22 orcs
  8 ball pythons
  6 endoplasms
  3 giant cockroaches
  8 goblins
  2 hobgoblins
  2 jackals (D:3)
  4 quokkas
  9 bats
  4 frilled lizards
  4 kobolds
  6 rats
115 creatures vanquished.

Notes
Turn   | Place    | Note
-------+----------+-------------------------------------------
     0 | D:1      | kingofthe the Deep Elf Conjurer began the quest for the
                  | Orb.
     0 | D:1      | Reached XP level 1. HP: 10/10 MP: 6/6
   195 | D:1      | Found Elutafov's Book Boutique.
   208 | D:1      | Reached XP level 2. HP: 15/15 MP: 6/8
   233 | D:1      | Learned a level 2 spell: Searing Ray
   528 | D:1      | Found a faded altar of an unknown god.
   775 | D:1      | Reached XP level 3. HP: 14/19 MP: 6/10
   845 | D:2      | Identified the +6 mace of Kalozeob {flame, rC+ Int+5}
   975 | D:2      | Found a radiant altar of Vehumet.
   983 | D:2      | Became a worshipper of Vehumet
  1047 | D:2      | Noticed Natasha
  1057 | D:2      | Killed Natasha
  1491 | D:2      | Noticed Natasha
  1495 | D:2      | Killed Natasha
  1496 | D:2      | Reached skill level 5 in Conjurations
  1496 | D:2      | Reached XP level 4. HP: 18/24 MP: 7/12
  1542 | D:2      | Noticed Natasha
  1547 | D:2      | Killed Natasha
  1684 | D:2      | Found a radiant altar of Vehumet.
  1989 | D:3      | Reached XP level 5. HP: 28/28 MP: 6/13
  2191 | D:3      | Found a bloodstained altar of Trog.
  2409 | D:3      | Found a radiant altar of Vehumet.
  2492 | D:3      | Reached * piety under Vehumet
  2492 | D:3      | Offered knowledge of Shock by Vehumet.
  2495 | D:3      | Learned a level 1 spell: Shock
  2747 | D:3      | Learned a level 3 spell: Mephitic Cloud
  2791 | D:4      | Found a shimmering altar of Xom.
  2993 | D:4      | Reached XP level 6. HP: 32/32 MP: 9/15
  3078 | D:4      | Found Jeag Xekh's Antique Armour Shop.
  3081 | D:4      | Bought a distressingly furry robe for 114 gold pieces
  3081 | D:4      | Identified the +1 robe "Cuxtip" {Int+2} (You bought it in a
                  | shop on level 4 of the Dungeon)
  3303 | D:4      | Reached skill level 5 in Spellcasting
  3376 | D:4      | Found an iron altar of Okawaru.
  3433 | D:4      | Reached skill level 1 in Air Magic
  3737 | D:4      | Reached skill level 1 in Poison Magic
  3848 | D:4      | Found a hide-covered altar of Uskayaw.
  3901 | D:5      | Entered Level 5 of the Dungeon
  3901 | D:5      | Noticed Eustachio
  3912 | D:5      | Killed Eustachio
  3913 | D:5      | Reached skill level 5 in Stealth
  3913 | D:5      | Reached XP level 7. HP: 22/36 MP: 2/17
  4105 | D:5      | Reached skill level 5 in Dodging
  4152 | D:5      | Found Bolagher's Book Boutique.
  4161 | D:5      | Found a shadowy altar of Dithmenos.
  4193 | D:5      | Found a sacrificial altar of Ru.
  4224 | D:5      | Learned a level 2 spell: Call Imp
  4504 | D:5      | Reached ** piety under Vehumet
  4504 | D:5      | Offered knowledge of Static Discharge by Vehumet.
  4505 | D:5      | Reached skill level 1 in Summonings
  4574 | D:5      | Found a hazy altar of Hepliaklqana.
  4650 | D:5      | Reached XP level 8. HP: 36/41 MP: 9/19
  4829 | D:5      | Found an ornate altar of the Wu Jian Council.
  4829 | D:5      | Found a stormy altar of Qazlal.
  4830 | D:5      | Found an ancient bone altar of Kikubaaqudgha.
  5610 | D:6      | Killed from afar by a steam dragon

Illustrated notes

Levels and vault maps discovered:
D:1:      lightli_molten_gateway, layout_basic, basic_ecumenical_altar,
          serial_shops, shop, reono_crystal_passage
D:2:      layout_rooms, basic_altar, uniq_natasha
D:3:      layout_basic, nicolae_vehumet_altar_sigil, trog_antimagical,
          grunt_ministairs_8
D:4:      layout_loops_cross, okawaru_altar_gauntlet_db,
          mainiacjoe_overflow_alcove_2,
          mainiacjoe_overflow_concentric_impassable, serial_shops,
          nicolae_shop_behind_doors
D:5:      layout_cave_pools, grunt_dithmenos_smoke_and_mirrors,
          mainiacjoe_overflow_cross_hatched, minitemple, serial_shops,
          nicolae_shop_stone, kennysheep_generic_room_10, uniq_eustachio
D:6:      layout_basic, nicolae_elyvilon_peaceful_grove, minmay_door_square,
          uniq_maggie

Skill      XL: |  1  2  3  4  5  6  7  8 |
---------------+-------------------------+-----
Stealth        | 3 4 5 6 |  6.0
Dodging        | 3 4 5 |  5.8
Spellcasting   | 4 5 6 |  6.6
Conjurations   | 5 6 |  6.6
Air Magic      | 1 2 |  2.2
Poison Magic   | 1 2 |  2.2
Summonings     | 1 2 |  2.2

Action                     |  1- 3 |  4- 6 |  7- 9 || total
---------------------------+-------+-------+-------++-------
  Melee: Mace              |       |     1 |     9 ||    10
         Punch             |       |       |     1 ||     1
   Cast: Magic Dart        |    55 |    75 |     2 ||   132
         Searing Ray       |       |     8 |    14 ||    22
         Shock             |       |    38 |    46 ||    84
    Use: Scroll            |       |       |     1 ||     1
         Potion            |       |       |     1 ||     1
   Stab: Sleeping          |       |       |     1 ||     1
 Armour: Robe              |     3 |     1 |     2 ||     6
  Dodge: Dodged            |     4 |     9 |    26 ||    39

Table legend: (Time is in decaauts)
 A = Elapsed time spent in this place.
 B = Non-inter-level travel time spent in this place.
 C = Inter-level travel time spent in this place.
 D = Time resting spent in this place.
 E = Time spent auto-exploring this place.
 F = Levels seen in this place.
 G = Mean time per level.
                   A        B        C        D        E       F      G
               +--------+--------+--------+--------+--------+-----+--------+
         Total |   5624 |   5303 |    321 |    364 |   4338 |   6 |  937.3 |
       Dungeon |   5624 |   5303 |    321 |    364 |   4338 |   6 |  937.3 |
               +--------+--------+--------+--------+--------+-----+--------+

Top non-repeatable levels by time:
     D:4: 1307 daAuts
     D:3: 1057 daAuts
     D:2: 1023 daAuts
     D:1: 888 daAuts
     D:5: 871 daAuts
     D:6: 476 daAuts
